 Dungeon Crawl Stone Soup version 0.28.0-43-g3370ac3207 (webtiles) character file.

Game seed: 13147971393748452822

389 KamiKatze the Chopper (level 6, -13/52 HPs)
             Began as a Palentonga Fighter on Mar 22, 2022.
             Killed by divine providence
             ... invoked by an orc priest
              (14 damage)
             ... on level 4 of the Dungeon.
             The game lasted 00:11:58 (3078 turns).

KamiKatze the Chopper (Palentonga Fighter)          Turns: 3078, Time: 00:11:58

Health: -13/52     AC:  6    Str: 22    XL:     6   Next: 49%
Magic:  6/6        EV: 11    Int:  8    God:
Gold:   36         SH:  9    Dex:  9    Spells: 5/5 levels left

rFire   . . .      SeeInvis +   a - +0 war axe
rCold   . . .      Faith    .   c - +0 buckler
rNeg    . . .      Spirit   .   b - +0 scale mail
rPois   .          Reflect  +   (no helmet)
rElec   .          Harm     .   (no cloak)
rCorr   .          Rampage  .   (no gloves)
Will    .....                   (no barding)
Stlth   ..........              h - amulet of reflection
HPRegen 0.17/turn               i - +4 ring of evasion
MPRegen 0.10/turn               (no ring)

@: mighty
A: large, rugged brown scales 3, see invisible, deformed body, roll 1, armoured
tail
a: Rolling Charge


You were on level 4 of the Dungeon.
You visited 1 branch of the dungeon, and saw 4 of its levels.

You collected 91 gold pieces.
You spent 55 gold pieces at shops.

Inventory:

Hand Weapons
 a - a +0 war axe (weapon)
Missiles
 f - 88 stones (quivered)
Armour
 b - a +0 scale mail (worn)
 c - a +0 buckler (worn)
 k - a +0 ring mail of fire resistance
Magical Staves
 u - a staff of earth
Jewellery
 h - an amulet of reflection (around neck)
 i - a +4 ring of evasion (left hand)
 p - a ring of magical power
Scrolls
 e - a scroll of immolation {unknown}
 g - 2 scrolls of identify
 j - a scroll of amnesia {unknown}
 l - 3 scrolls of teleportation
 n - a scroll of fear {unknown}
 r - a scroll of magic mapping {unknown}
 t - a scroll of silence {unknown}
 v - a scroll of enchant armour {unknown}
Potions
 o - a potion of resistance
 s - a potion of flight


   Skills:
 + Level 4.4 Fighting
 * Level 5.1 Axes
 - Level 2.4 Armour
 + Level 3.6 Shields


You had 5 spell levels left.
You didn't know any spells.
Your spell library contained the following spells:

 Spells                   Type           Power      Damage    Failure   Level
 Beastly Appendage        Tmut           0%         N/A       80%         1
 Wereblood                Tmut           0%         N/A       91%         2
 Spider Form              Tmut/Pois      0%         N/A       99%         3
 Petrify                  Tmut/Erth      0%         N/A       100%        4
 Metabolic Englaciation   Hex/Ice        0%         N/A       100%        5
 Statue Form              Tmut/Erth      0%         N/A       100%        6


Dungeon Overview and Level Annotations

Branches:
Dungeon (4/15)
 Temple: D:4-7

Altars:

Shops:
D:1 =   D:2 ?[


Innate Abilities, Weirdness & Mutations

You are completely covered in rugged brown scales. (AC +3, +7% HP)
You have supernaturally acute eyesight. (SInv)
Armour fits poorly on your strangely shaped body.
You can roll at nearby foes to attack.
You have a long armoured tail.


Message History

You hit Edmund.
Edmund is heavily wounded.
Edmund hits you with a +1 flail of protection!
* * * LOW HITPOINT WARNING * * *
You block Edmund's attack.
You feel better.
Edmund hits you with a +1 flail of protection.
* * * LOW HITPOINT WARNING * * *
You feel very mighty all of a sudden. You block Edmund's attack.
Unknown command.
You hit Edmund.
Edmund is heavily wounded.
Edmund closely misses you.
You slice Edmund!!
Edmund is almost dead.
You block Edmund's attack.
You hit Edmund.
You kill Edmund!
Your Axes skill increases to level 5!
Things that are here:
a +1 flail of protection; a +0 scale mail; the human corpse of Edmund An orc comes into view.
It is wielding a +0 whip.
An orc wizard comes into view. It is wielding a +0 dagger.
The orc wizard shouts!
An orc priest comes into view. It is wielding a +0 dagger.
You block the orc's attack.
The orc priest shouts!
You slash the orc!
You kill the orc!
The orc wizard points at you and mumbles some strange words.
The magic dart hits you.
* * * LOW HITPOINT WARNING * * *
The orc priest mumbles some strange prayers to Beogh against you.
Beogh smites you!
* * * LOW HITPOINT WARNING * * *
You see here a +0 whip.
The orc priest invokes the aid of Beogh against you.
Beogh smites you!
You die...

# #..# #.......#.#......... # ##+
#.......#.....(..... ##
#..)......((((...... .#
#.......##.......... .# ####
#......##........... ##
###..####................###
######...........()####......#..
.##.............).).####........
..#..#..##..##..@..........>##...
.....#.###.....(o.#.........##...
....#...##.............##........
....##......................#...#
........##....<....o#......##....
.......###....รท...#........#.....
##......##......).##.#........###
####...####.###...#............#
##.## ##.....##.............


You could see an orc priest and an orc wizard.

Vanquished Creatures
  Edmund (D:4)
  An ogre (D:4)
  A hound (D:4)
  An iguana (D:4)
  7 adders
  An adder skeleton (D:4)
  3 dart slugs
  3 orcs (D:4)
  5 bats
  6 endoplasms
  2 giant cockroaches
  2 goblins
  7 hobgoblins
  3 kobolds
  6 quokkas
  5 ball pythons
  2 frilled lizards
  6 rats
62 creatures vanquished.

Vanquished Creatures (others)
  7 fungi (D:2)
  3 plants (D:2)
10 creatures vanquished.

Grand Total: 72 creatures vanquished

Notes
Turn   | Place    | Note
-------+----------+-------------------------------------------
     0 | D:1      | KamiKatze the Palentonga Fighter began the quest for the
                  | Orb.
     0 | D:1      | Reached XP level 1. HP: 19/19 MP: 1/1
   174 | D:1      | Found Wesocoy's Jewellery Boutique.
   211 | D:1      | Reached XP level 2. HP: 25/25 MP: 2/2
   863 | D:2      | You fall into a shaft and drop 1 floor!
   943 | D:2      | Reached XP level 3. HP: 21/31 MP: 3/3
  1034 | D:2      | Reached skill level 3 in Axes
  1067 | D:2      | Found Yjamumap's Magic Scroll Shoppe.
  1070 | D:2      | Bought a scroll of teleportation for 33 gold pieces
  1079 | D:2      | Found Mozisot's Antique Armour Shop.
  1326 | D:2      | Found a faded altar of an unknown god.
  1459 | D:2      | Reached XP level 4. HP: 37/37 MP: 4/4
  1617 | D:2      | Bought a scroll of identify for 22 gold pieces
  2862 | D:4      | Reached skill level 4 in Axes
  2862 | D:4      | Reached XP level 5. HP: 34/44 MP: 5/5
  2978 | D:4      | Identified the +1 pair of boots of Coabroul {Fly rC+ SInv}
  3008 | D:4      | Noticed an ogre
  3029 | D:4      | Noticed Edmund
  3031 | D:4      | Killed an ogre
  3032 | D:4      | Reached XP level 6. HP: 41/51 MP: 6/6
  3070 | D:4      | Killed Edmund
  3071 | D:4      | Reached skill level 5 in Axes
  3077 | D:4      | HP: 1/52 [orc priest/divine providence (12)]
  3078 | D:4      | Killed from afar by an orc priest

Illustrated notes

Levels and vault maps discovered:
D:1:      ebering_hopf_link, layout_basic, serial_shops,
          nicolae_shop_window_shopping, serial_rivers,
          chequers_serial_rivers_small_3, chequers_serial_rivers_micro_e,
          chequers_serial_rivers_small_b, chequers_serial_rivers_micro_b,
          chequers_serial_rivers_micro_b, chequers_serial_rivers_small_3,
          minmay_misc_feat_ornament
D:2:      layout_loops_corners, serial_shops, nicolae_shop_stone,
          nicolae_shop_hallway_plus, shapermc_ecumenical_altar_hornbeckon
D:3:      layout_loops_ring, kennysheep_cluttered_room
D:4:      minmay_chambers_of_twos, layout_cave_pools, minmay_temple_entry_mist,
          uniq_grinder, uniq_natasha, uniq_edmund

Skill      XL: |  1  2  3  4  5  6 |
---------------+-------------------+-----
Axes           | 3 4 5 |  5.1
Shields        | 3 |  3.6
Fighting       | 4 |  4.4
Armour         | |  2.4

Action                   |  1- 3 |  4- 6 || total
-------------------------+-------+-------++-------
Melee: War axe           |    77 |   103 ||   180
       Tailslap          |     6 |     9 ||    15
Throw: Stone             |     7 |     2 ||     9
       Dart              |       |    12 ||    12
  Use: Scroll            |       |     3 ||     3
       Potion            |       |     2 ||     2
Armor: Scale mail        |    32 |    20 ||    52
Dodge: Dodged            |    26 |    44 ||    70
Block: Buckler           |    16 |    48 ||    64
       Reflection        |       |     2 ||     2
